 Dungeon Crawl Stone Soup version 0.30-a0-772-g5528072125 (webtiles) character file.

Game seed: 6430429581486041691

135 porpoise the Sneak (level 5, -1/37 HPs)
             Began as a Gnoll Enchanter on Feb 13, 2023.
             Killed by nerve-wracking pain
             ... invoked by an orc priest
              (13 damage)
             ... on level 3 of the Dungeon.
             The game lasted 00:09:47 (2760 turns).

porpoise the Sneak (Gnoll Enchanter)                Turns: 2760, Time: 00:09:48

Health: -1/37      AC:  2    Str:  8    XL:     5   Next: 18%
Magic:  12/12      EV: 13    Int: 16    God:
Gold:   28         SH:  0    Dex: 12    Spells: 6/14 levels left

rFire   . . .      SeeInvis .    a - +2 dagger (venom)
rCold   . . .      Faith    .    (no shield)
rNeg    . . .      Spirit   .    b - +0 robe
rPois   .          Reflect  .    (no helmet)
rElec   .          Harm     .    (no cloak)
rCorr   .          Rampage  .    (no gloves)
Will    .....                    (no boots)
Stlth   +++                      (no amulet)
HPRegen 0.26/turn                (no ring)
MPRegen 0.13/turn                (no ring)

@: no status effects
A: fangs 1, strong nose, distributed training
a: no special abilities


You were on level 3 of the Dungeon.
You visited 1 branch of the dungeon, and saw 3 of its levels.

You collected 133 gold pieces.
You spent 105 gold pieces at shops.

Inventory:

Hand Weapons
 a - a +2 dagger of venom (weapon)
 s - a +0 dagger of distortion
 u - a +0 rapier
 v - a +1 dagger
Missiles
 y - 2 poisoned darts (quivered)
 z - 5 curare-tipped darts
Armour
 b - a +0 robe (worn)
Scrolls
 g - a scroll of enchant weapon {unknown}
 h - a scroll of vulnerability {unknown}
 i - a scroll of magic mapping {unknown}
 l - a scroll of amnesia {unknown}
 m - a scroll of fear {unknown}
 o - 2 scrolls of teleportation {unknown}
 t - a scroll of noise {unknown}
Potions
 c - 2 potions of invisibility
 d - a potion of brilliance {unknown}
 e - a potion of haste {unknown}
 f - a potion of berserk rage {unknown}
 j - a potion of lignification {unknown}
 k - 2 potions of might {unknown}
 n - a potion of ambrosia {unknown}
 p - 2 potions of cancellation {unknown}
 q - 4 potions of curing
 r - a potion of degeneration {unknown}
 w - a potion of experience {unknown}
 x - a potion of attraction {unknown}


   Skills:
 + Level 1.4 Fighting
 + Level 3.0 Short Blades
 + Level 1.4 Long Blades
 + Level 1.4 Axes
 + Level 1.4 Maces & Flails
 + Level 1.4 Polearms
 + Level 1.4 Staves
 + Level 1.4 Ranged Weapons
 + Level 1.4 Throwing
 + Level 1.4 Armour
 + Level 4.8 Dodging
 + Level 6.1 Stealth
 + Level 1.4 Shields
 + Level 1.4 Unarmed Combat
 + Level 5.2 Spellcasting
 + Level 1.1 Conjurations
 + Level 5.5 Hexes
 + Level 1.1 Summonings
 + Level 1.1 Necromancy
 + Level 1.1 Translocations
 + Level 1.1 Transmutations
 + Level 1.1 Fire Magic
 + Level 1.1 Ice Magic
 + Level 1.1 Air Magic
 + Level 1.1 Earth Magic
 + Level 1.1 Poison Magic
 + Level 1.6 Invocations
 + Level 1.4 Evocations


You had 6 spell levels left.
You knew the following spells:

 Your Spells              Type           Power      Damage    Failure   Level
a - Confusing Touch       Hex            21%        N/A       4%          3
e - Ensorcelled Hibernat  Hex/Ice        28%        N/A       5%          2
t - Tukima's Dance        Hex            21%        N/A       4%          3

Your spell library contained the following spells:

 Spells                   Type           Power      Damage    Failure   Level
 Dazzling Flash           Conj/Hex       28%        N/A       11%         3
 Iskenderun's Mystic Bla  Conj/Tloc      7%         2d4       67%         4
 Starburst                Conj/Fire      3%         6d3       100%        6


Dungeon Overview and Level Annotations

Branches:
Dungeon (3/15)

Altars:

Shops:
D:2 *   D:3 (*!


Innate Abilities, Weirdness & Mutations

You have very sharp teeth.
Your uncanny sense of smell can sniff out nearby items.
Your experience applies equally to all skills.


Message History

The orc wizard shouts!
You are too injured to fight recklessly!
The orc attacks as you move away! The orc closely misses you.
Unknown command.
Unknown command.
You see here 4 gold pieces.
The orc wizard gestures wildly while chanting.
The orc wizard flickers and vanishes!
Deactivating autopickup; reactivate with Ctrl-A.
The orc attacks as you move away! The orc barely misses you.
Unknown command.
Unknown command.
You hit the orc.
The orc is poisoned.
The orc is moderately wounded.
The orc misses you.
You hit the orc.
The orc looks as sick as possible!
The orc is almost dead.
You hit the orc.
You kill the orc!
Your Short Blades skill increases to level 3!
Things that are here:
a +0 flail; an orc corpse
Things that are here:
a +0 flail; an orc corpse Something hits you.
You miss something. Something hits you.
You hit something. Something hits you.
You barely miss something.
You hear some strange, mumbled words.
Something tries to affect you, but you resist.
You hit something. Something hits you.
You hit something but do no damage. You hit the orc priest.
The orc priest is lightly wounded.
You hit the orc priest.
The orc priest is heavily wounded.
Something hits you.
The orc priest calls down the wrath of Beogh upon you.
Pain shoots through your body!
You die...

...o. ... ...................
... #.# ##.####.#..........
######o###.####.####.#..........
.....=..o{....................>.
######.###.##.#####.............
... #.$..# #...............
#...# #.##.# #....^..#.##....
#... #.##.###...............
#... #.##.#@................ #..
#.##.#o#............... ###
#......................
####.###..........)....
#.###.....<.........
#.#................# ######
#.#...........∩.....
....###.#.........##......
#.###......#..............#..


You could see an orc priest.

Vanquished Creatures
  An orc priest (D:2)
  An adder (D:3)
  3 worms
  3 dart slugs
  9 orcs
  3 ball pythons (D:1)
  8 endoplasms
  3 giant cockroaches
  3 goblins (D:2)
  3 hobgoblins
  3 quokkas
  10 bats
  3 frilled lizards
  A kobold (D:1)
  6 rats
60 creatures vanquished.

Vanquished Creatures (others)
  An orc wizard (D:2)
  A bat (D:1)
2 creatures vanquished.

Grand Total: 62 creatures vanquished

Notes
Turn   | Place    | Note
-------+----------+-------------------------------------------
     0 | D:1      | porpoise the Gnoll Enchanter began the quest for the Orb.
     0 | D:1      | Reached XP level 1. HP: 13/13 MP: 6/6
   146 | D:1      | Reached XP level 2. HP: 19/19 MP: 7/7
   149 | D:1      | Learned a level 2 spell: Ensorcelled Hibernation
  1007 | D:2      | Reached skill level 5 in Spellcasting
  1007 | D:2      | Reached XP level 3. HP: 25/25 MP: 3/9
  1118 | D:2      | Learned a level 3 spell: Confusing Touch
  1122 | D:2      | Learned a level 3 spell: Tukima's Dance
  1147 | D:2      | Found Dukulelysk's Assorted Antiques.
  1182 | D:1      | Reached skill level 6 in Stealth
  1397 | D:2      | Reached skill level 1 in Invocations
  1569 | D:2      | Reached skill level 1 in Fighting
  1569 | D:2      | Reached skill level 1 in Long Blades
  1569 | D:2      | Reached skill level 1 in Axes
  1569 | D:2      | Reached skill level 1 in Maces & Flails
  1569 | D:2      | Reached skill level 1 in Polearms
  1569 | D:2      | Reached skill level 1 in Staves
  1569 | D:2      | Reached skill level 1 in Ranged Weapons
  1569 | D:2      | Reached skill level 1 in Throwing
  1569 | D:2      | Reached skill level 1 in Armour
  1569 | D:2      | Reached skill level 1 in Shields
  1569 | D:2      | Reached skill level 1 in Unarmed Combat
  1569 | D:2      | Reached skill level 1 in Evocations
  1671 | D:2      | Bought a viscous cyan potion for 21 gold pieces
  1671 | D:2      | Bought a yellow potion for 21 gold pieces
  1671 | D:2      | Bought a lumpy amethyst potion for 21 gold pieces
  2021 | D:2      | Reached XP level 4. HP: 32/32 MP: 11/11
  2154 | D:2      | Reached skill level 1 in Conjurations
  2154 | D:2      | Reached skill level 1 in Summonings
  2154 | D:2      | Reached skill level 1 in Necromancy
  2154 | D:2      | Reached skill level 1 in Translocations
  2154 | D:2      | Reached skill level 1 in Transmutations
  2154 | D:2      | Reached skill level 1 in Fire Magic
  2154 | D:2      | Reached skill level 1 in Ice Magic
  2154 | D:2      | Reached skill level 1 in Air Magic
  2154 | D:2      | Reached skill level 1 in Earth Magic
  2154 | D:2      | Reached skill level 1 in Poison Magic
  2385 | D:3      | Found Wiwn's Distillery.
  2401 | D:3      | Reached XP level 5. HP: 37/37 MP: 12/12
  2420 | D:3      | Bought a potion of curing for 42 gold pieces
  2584 | D:3      | Found Xitu's Antique Weapon Shop.
  2585 | D:3      | Found Josevogg's General Store.
  2760 | D:3      | Killed from afar by an orc priest

Illustrated notes

Levels and vault maps discovered:
D:1:      dpeg_arrival_arbitrary_b, layout_loops_ring
D:2:      layout_basic, serial_shops, shop, moated_statue
D:3:      layout_basic, serial_shops, nicolae_shop_crystal,
          nicolae_shop_advertising_works [nicolae_subvault_shop_adworks], shop,
          nicolae_shop_crystal

Skill      XL: |  1  2  3  4  5 |
---------------+----------------+-----
Spellcasting   | 5 |  5.2
Stealth        | 6 |  6.1
Invocations    | 1 |  1.6
Fighting       | 1 |  1.4
Long Blades    | 1 |  1.4
Axes           | 1 |  1.4
Maces & Flails | 1 |  1.4
Polearms       | 1 |  1.4
Staves         | 1 |  1.4
Ranged Weapons | 1 |  1.4
Throwing       | 1 |  1.4
Armour         | 1 |  1.4
Shields        | 1 |  1.4
Unarmed Combat | 1 |  1.4
Evocations     | 1 |  1.4
Conjurations   | 1 |  1.1
Summonings     | 1 |  1.1
Necromancy     | 1 |  1.1
Translocations | 1 |  1.1
Transmutations | 1 |  1.1
Fire Magic     | 1 |  1.1
Ice Magic      | 1 |  1.1
Air Magic      | 1 |  1.1
Earth Magic    | 1 |  1.1
Poison Magic   | 1 |  1.1
Short Blades   | 3 |  3.0
Dodging        | |  4.8
Hexes          | |  5.5

Action                     |  1- 3 |  4- 6 || total
---------------------------+-------+-------++-------
  Melee: Dagger            |    95 |    54 ||   149
         Bite              |     6 |     1 ||     7
   Cast: Ensorcelled Hiber |    15 |     8 ||    23
         Confusing Touch   |     3 |     3 ||     6
   Stab: Sleeping          |    25 |     8 ||    33
         Confused          |     2 |     1 ||     3
 Armour: Robe              |    15 |     6 ||    21
  Dodge: Dodged            |    53 |    25 ||    78

Table legend: (Time is in decaauts)
 A = Elapsed time spent in this place.
 B = Non-inter-level travel time spent in this place.
 C = Inter-level travel time spent in this place.
 D = Time resting spent in this place.
 E = Time spent auto-exploring this place.
 F = Levels seen in this place.
 G = Mean time per level.
                   A        B        C        D        E       F      G
               +--------+--------+--------+--------+--------+-----+--------+
         Total |   2740 |   2686 |     54 |    624 |   1537 |   3 |  913.3 |
       Dungeon |   2740 |   2686 |     54 |    624 |   1537 |   3 |  913.3 |
               +--------+--------+--------+--------+--------+-----+--------+

Top non-repeatable levels by time:
     D:2: 1210 daAuts
     D:1: 1158 daAuts
     D:3: 371 daAuts
